 Dungeon Crawl Stone Soup version 0.22-a0-603-gfc1114d (webtiles) character file.

83217 Amnesiac the Devastator (level 15, -5/90 HPs)
             Began as a Deep Elf Wizard on July 7, 2018.
             Was a High Priest of Sif Muna.
             Slain by a juggernaut (78 damage)
             ... on level 1 of the Depths.
             The game lasted 00:50:11 (24294 turns).

Amnesiac the Devastator (Deep Elf Wizard)          Turns: 24294, Time: 00:50:11

Health: -5/90      AC: 12    Str:  4    XL:     15   Next: 31%
Magic:  0/36       EV: 17    Int: 32    God:    Sif Muna [*****.]
Gold:   914        SH: 10    Dex: 13    Spells: 3/44 levels left

rFire    + . .     SeeInvis +   b - staff of wizardry
rCold    . . .     Gourm    .   g - +1 buckler
rNeg     . . .     Faith    .   F - +2 robe {MR+}
rPois    .         Spirit   .   N - +1 helmet
rElec    .         Reflect  +   K - +2 cloak "Xufyatre" {Str+2 Slay+3 SInv}
rCorr    .         Harm     .   D - +2 pair of gloves {archery}
MR       ++...                  (no boots)
Stlth    ++........             i - +4 amulet of reflection
HPRegen  0.25/turn              G - ring of protection from fire
MPRegen  0.25/turn              z - +2 ring of intelligence

@: drained, divine energy
A: weak 1
a: Stop Divine Energy, Channel Magic, Forget Spell, Renounce Religion


You were on level 1 of the Depths.
You worshipped Sif Muna.
Sif Muna was extremely pleased with you.
You were not hungry.

You visited 2 branches of the dungeon, and saw 16 of its levels.
You also visited: Bailey.

You collected 1064 gold pieces.
You spent 150 gold pieces at shops.

Inventory:

Hand Weapons
 a - a +2 whip of electrocution
Armour
 g - a +1 buckler (worn)
 D - a +2 pair of gloves of archery (worn)
 F - a +2 robe of magic resistance (worn)
 K - the +2 cloak "Xufyatre" (worn) {Str+2 Slay+3 SInv}
   (You found it on level 9 of the Dungeon)

   It affects your strength (+2).
   It affects your accuracy and damage with ranged weapons and melee attacks
   (+3).
   It lets you see invisible.
 L - a scarf of resistance
 N - a +1 helmet (worn)
Magical Staves
 b - an uncursed staff of wizardry (weapon)
 R - an uncursed staff of cold
Jewellery
 i - a +4 amulet of reflection (around neck)
 l - an uncursed ring of protection from magic
 u - an uncursed ring of poison resistance
 z - a +2 ring of intelligence (right hand)
 G - a ring of protection from fire (left hand)
Wands
 m - a wand of digging (14)
 r - a wand of iceblast (4)
 v - a wand of acid (12)
 C - a wand of paralysis (58)
Scrolls
 c - 3 scrolls of acquirement {!r}
 e - 7 scrolls of magic mapping {!r}
 h - a scroll of enchant armour {!r}
 j - 3 scrolls of fog {!r}
 o - 5 scrolls of amnesia {!r}
 q - 4 scrolls of teleportation {!r}
 s - a scroll of fear {!r}
 t - 10 scrolls of remove curse {!r}
 y - 4 scrolls of identify {!r}
 Q - a scroll of silence {!r}
Potions
 f - 2 potions of cancellation {!q}
 k - 6 potions of might {!q}
 n - 3 potions of brilliance {!q}
 p - a potion of haste {!q}
 w - 3 potions of agility {!q}
 x - a potion of curing {!q}
 A - 2 potions of magic {!q}
 B - 3 potions of lignification {!q}
 H - 4 potions of mutation {!q}
 I - a potion of flight {!q}
 J - a potion of berserk rage {!q}
Miscellaneous
 M - a lightning rod (4/4)
 O - a lamp of fire (inert)
Comestibles
 d - 24 rations
 E - 6 chunks of flesh


   Skills:
 - Level 9.0(8.9) Fighting
 - Level 9.0(8.9) Dodging
 - Level 2.4(2.3) Stealth
 - Level 4.0(3.9) Shields
 - Level 15.1(14.9) Spellcasting
 - Level 15.6(15.5) Conjurations
 - Level 1.1(1.0) Summonings
 - Level 1.1(1.0) Translocations
 - Level 15.5(15.4) Fire Magic
 + Level 2.8(2.7) Invocations


You had 3 spell levels left.
You knew the following spells:

 Your Spells              Type           Power        Failure   Level  Hunger
a - Bolt of Fire          Conj/Fire      #######...   1%          6    ###....
b - Call Imp              Summ           ####....     1%          2    None
c - Confuse               Hex            ###.....     2%          3    None
d - Fireball              Conj/Fire      #######...   1%          5    None
e - Mephitic Cloud        Conj/Pois/Air  ######..     1%          3    None
f - Magic Dart            Conj           ####         0%          1    None
g - Orb of Destruction    Conj           #######...   1%          7    #####..
h - Fire Storm            Conj/Fire      #######...   75%         9    #######
s - Conjure Flame         Conj/Fire      #######.     0%          3    None
v - Blink                 Tloc           N/A          1%          2    None

Your spell library contained the following spells:

 Spells                   Type           Power        Failure   Level  Hunger
 Lightning Bolt           Conj/Air       ######....   1%          5    None
 Bolt of Magma            Conj/Fire/Erth ######....   1%          5    None
 Slow                     Hex            ###.....     1%          2    None
 Throw Flame              Conj/Fire      ######       0%          2    None
 Throw Frost              Conj/Ice       ######       1%          2    None
 Venom Bolt               Conj/Pois      ######....   1%          5    None
 Summon Small Mammal      Summ           ####         1%          1    None
 Summon Horrible Things   Summ           ####......   100%        8    ######.
 Sticky Flame             Conj/Fire      #######.     1%          4    None
 Summon Ice Beast         Ice/Summ       ####....     6%          4    None
 Summon Greater Demon     Summ           ####......   98%         7    #####..
 Iron Shot                Conj/Erth      ######....   4%          6    ###....
 Statue Form              Tmut/Erth      ###......    71%         6    ###....
 Glaciate                 Conj/Ice       ######....   100%        9    #######
 Confusing Touch          Hex            ###...       1%          1    None
 Flame Tongue             Conj/Fire      #####        0%          1    None
 Call Canine Familiar     Summ           ####....     1%          3    None
 Metabolic Englaciation   Hex/Ice        ###.......   21%         5    None
 Conjure Ball Lightning   Conj/Air       ######....   4%          6    ###....
 Chain Lightning          Conj/Air       ######....   86%         8    ######.
 Monstrous Menagerie      Summ           ####......   98%         7    #####..
 Petrify                  Tmut/Erth      ###.....     8%          4    None
 Malign Gateway           Summ/Tloc      ####......   98%         7    #####..
 Inner Flame              Hex/Fire       ######..     1%          3    None
 Iskenderun's Battlesphe  Conj/Chrm      ######..     1%          5    None
 Dazzling Spray           Conj/Hex       ######       1%          3    None
 Searing Ray              Conj           ######       0%          2    None
 Summon Lightning Spire   Summ/Air       ####....     6%          4    None
 Summon Guardian Golem    Hex/Summ       ####....     1%          3    None
 Spellforged Servitor     Conj/Summ      ######....   21%         7    #####..
 Gell's Gravitas          Tloc           ####......   1%          3    None
 Yara's Violent Unravell  Hex/Tmut       ###.......   21%         5    None


Dungeon Overview and Level Annotations

Branches:
Dungeon (15/15)            Temple (0/1) D:5            Lair (0/6) D:9
    Orc (0/2) D:9          Vaults (0/5) D:13         Depths (1/5) D:15

Altars:
Ashenzari
Cheibriados
Fedhas
Gozag
Makhleb
Nemelex Xobeh
Okawaru
Qazlal
Sif Muna
Vehumet
Wu Jian
Xom
Yredelemnul
The Shining One
Beogh

Shops:
D:5 *   D:14 !   Depths:1 %[

Portals:
Pandemonium: Depths:1


Innate Abilities, Weirdness & Mutations

You are weak. (Str -2)


Message History

You start resting.
Eating one of 7 chunks of flesh.
You eat one of the 7 chunks of flesh.
This raw flesh tastes terrible.
Magic restored.
There is an open door here.
You open the door.
A deep troll earth mage comes into view.
The deep troll earth mage shouts!
The deep troll earth mage points at you and mumbles some strange words.
The door shatters!
The blast of rock fragments hits you!
You hear a shout!
You hear a deafening roar!
A deep troll earth mage is nearby!
Casting: Bolt of Fire (safe; 1% risk of failure)
Confirm with . or Enter, or press ? or * to list all spells.
Aiming: Bolt of Fire (safe; 1% risk of failure)
Press: ? - help, Shift-Dir - straight line, f - deep troll earth mage
Aim: a deep troll earth mage The bolt of fire hits the deep troll earth mage.
The deep troll earth mage is severely wounded.
You hear a shout!
Unknown command.
A juggernaut opens the door.
A juggernaut comes into view.
There is an open door here.
Casting: Bolt of Fire (safe; 1% risk of failure)
Confirm with . or Enter, or press ? or * to list all spells.
Aiming: Bolt of Fire (safe; 1% risk of failure)
Press: ? - help, Shift-Dir - straight line, f/p - deep troll earth mage
Aim: a deep troll earth mage (severely wounded)
The bolt of fire hits the deep troll earth mage.
You kill the deep troll earth mage!
Sif Muna accepts your kill.
The troll leather armour is intact enough to wear.
Unknown command.
Things that are here:
+0 shadow dragon scales; a shadow dragon corpse
Casting: Bolt of Fire (safe; 1% risk of failure)
Confirm with . or Enter, or press ? or * to list all spells.
You blink.
Casting: Blink (safe; 1% risk of failure)
Confirm with . or Enter, or press ? or * to list all spells.
Aiming: Orb of Destruction (safe; 1% risk of failure)
Press: ? - help, Shift-Dir - straight line, f - juggernaut
Aim: a juggernaut The orb of destruction hits the juggernaut.
The juggernaut is heavily wounded.
Casting: Orb of Destruction (safe; 1% risk of failure)
Confirm with . or Enter, or press ? or * to list all spells.
Aiming: Bolt of Fire (safe; 1% risk of failure)
Press: ? - help, Shift-Dir - straight line, f/p - juggernaut
Aim: a juggernaut (heavily wounded)
The bolt of fire hits the juggernaut.
The juggernaut is severely wounded.
Unknown command.
Casting: Bolt of Fire (safe; 1% risk of failure)
Confirm with . or Enter, or press ? or * to list all spells.
Aiming: Bolt of Fire (safe; 1% risk of failure)
Press: ? - help, Shift-Dir - straight line, f/p - juggernaut
Aim: a juggernaut (severely wounded)
The bolt of fire hits the juggernaut.
The juggernaut is almost dead.
The juggernaut hits you!!!!
Ouch! That really hurt!
You die...

##.### #..#
#.......#... #.#
#..# #^......#...
#.# #..#
#.......##'######
#.# #...
+.......#...#...#
#.#
#.......#...[...+
#.. #.......#...#
### #.......##'##
+........[.#
#.@C..§....#
#....§....>#
#.....#+####
#######


You could see a juggernaut.

Vanquished Creatures
  Frances (D:14)
  Gastronok (D:9)
  The ghost of Pomocri the Black Belt, an adept DsAs of Makhleb (D:15)
  Kirke (D:14)
  A shadow dragon (Depths:1)
  2 frost giants (D:15)
  A deep elf annihilator (D:14)
  A spark wasp (Depths:1)
  A merfolk javelineer (D:15)
  An ettin (D:14)
  2 fire dragons (Depths:1)
  Erolcha (D:9)
  4 vault guards (D:13)
  2 yaktaur captains (Depths:1)
  A naga warrior (D:15)
  4 hydras
  A catoblepas (D:13)
  A death knight (D:11)
  4 centaur warriors
  8 two-headed ogres
  2 tengu warriors
  A deep troll shaman (Depths:1)
  2 deep troll earth magi (Depths:1)
  A skeletal warrior (D:11)
  An iron troll (Depths:1)
  3 deep trolls (Depths:1)
  The ghost of TheNamelessOne the Destroyer, a novice DgCj (D:9)
  A wizard (D:12)
  A wolf spider zombie (D:13)
  Pikel (D:7)
  2 orc knights
  A phantasmal warrior (D:11)
  22 ugly things
  An orb spider (shapeshifter) (D:14)
  3 deep elf magi
  4 cyclopes
  A wolf spider (D:14)
  The ghost of soark the Cleaver, a novice DsGl of Makhleb (D:6)
  2 orc sorcerers (D:13)
  2 manticores
  3 centaur zombies
  4 molten gargoyles (D:14)
  2 gargoyles (D:13)
  4 freezing wraiths
  A komodo dragon (D:12)
  An efreet (D:13)
  7 yaktaurs
  A harpy skeleton (D:15)
  3 trolls
  9 slime creatures
  7 hippogriffs
  A hippogriff (shapeshifter) (D:15)
  4 shadows
  A redback (D:12)
  3 vampires
  2 wyverns
  A wraith (D:14)
  11 yaks
  2 humans
  A hungry ghost (D:8)
  A golden eye (shapeshifter) (D:14)
  A yak (shapeshifter) (D:9)
  5 hogs
  3 neqoxecs (D:9)
  3 steam dragons
  2 acid dragons
  2 porcupines (D:9)
  A necrophage (D:13)
  18 orc warriors
  3 sky beasts
  A black bear (shapeshifter) (D:12)
  4 slaves (D:7)
  2 black bears
  5 ice beasts
  An eye of draining (D:13)
  5 phantoms
  8 ogres
  2 boggarts
  13 centaurs
  2 big kobolds
  7 bullfrogs
  A gnoll sergeant (D:6)
  2 scorpions
  A water moccasin skeleton (D:5)
  9 killer bees
  2 howler monkeys
  4 wights (D:11)
  2 electric eels (D:11)
  8 crimson imps
  5 jellies
  A bullfrog zombie (D:12)
  5 hounds
  9 orc priests
  A hound (shapeshifter) (D:9)
  A gnoll shaman (D:9)
  4 iguanas
  6 centaur skeletons
  9 orc wizards
  10 worker ants
  4 hound skeletons
  A worker ant zombie (D:5)
  3 adders
  19 gnolls
  A gnoll (shapeshifter) (D:9)
  An ooze (shapeshifter) (D:9)
  3 worms
  2 dart slugs
  3 leopard geckos
  45 orcs
  A ball python (D:2)
  4 bats
  4 giant cockroaches
  6 goblins
  5 hobgoblins
  19 jackals
  5 quokkas
  5 frilled lizards
  10 kobolds
  3 rats
  2 bushes (D:10)
  A butterfly (D:5)
  2 plants (D:11)
478 creatures vanquished.

Vanquished Creatures (collateral kills)
  A scorpion (D:8)
  A killer bee (D:8)
  An orc priest (D:4)
3 creatures vanquished.

Vanquished Creatures (others)
  Rupert (D:14)
  An orc knight (D:13)
  4 humans (D:14)
  2 orc warriors (Bailey)
  2 centaurs
  A hound (D:14)
  2 orcs (Bailey)
  A kobold (D:10)
  A fungus (D:9)
15 creatures vanquished.

Grand Total: 496 creatures vanquished

Notes
Turn   | Place    | Note
-------+----------+-------------------------------------------
     0 | D:1      | Amnesiac the Deep Elf Wizard began the quest for the Orb.
     0 | D:1      | Reached XP level 1. HP: 10/10 MP: 7/7
   217 | D:1      | You fall through a shaft!
   223 | D:2      | Reached XP level 2. HP: 14/15 MP: 5/9
   233 | D:2      | Learned a level 2 spell: Blink
   236 | D:2      | Learned a level 2 spell: Call Imp
   816 | D:4      | Reached XP level 3. HP: 19/19 MP: 7/11
   821 | D:4      | Learned a level 3 spell: Conjure Flame
   825 | D:4      | Learned a level 3 spell: Mephitic Cloud
   955 | D:4      | Reached XP level 4. HP: 23/24 MP: 2/12
  1253 | D:4      | Got a crystal quarterstaff
  1254 | D:4      | Identified the cursed +2 quarterstaff "Kusitera" {crush, Dex+4} (You found it on level 4 of the Dungeon)
  1292 | D:4      | Reached skill level 5 in Conjurations
  1296 | D:4      | Reached XP level 5. HP: 25/28 MP: 3/13
  1589 | D:4      | Reached skill level 1 in Fighting
  1741 | D:5      | Entered Level 5 of the Dungeon
  2029 | D:5      | Found a deep blue altar of Sif Muna.
  2034 | D:5      | Found Ofruak's General Store.
  2056 | D:5      | Became a worshipper of Sif Muna the Loreminder
  2970 | D:2      | Reached XP level 6. HP: 29/36 MP: 9/14
  3994 | D:5      | Found a sparkling altar of Nemelex Xobeh.
  4138 | D:5      | Found a blossoming altar of Fedhas.
  4765 | D:5      | Found a staircase to the Ecumenical Temple.
  4765 | D:5      | Noticed an ice beast
  4781 | D:5      | Killed an ice beast
  4781 | D:5      | Reached skill level 1 in Shields
  4781 | D:5      | Reached skill level 5 in Spellcasting
  4904 | D:5      | Reached * piety under Sif Muna
  5290 | D:6      | Reached XP level 7. HP: 40/40 MP: 8/17
  5310 | D:6      | Found a runed gate.
  5311 | D:6      | Found a runed gate.
  5312 | D:6      | Found a runed gate.
  5963 | D:6      | Got a shimmering ring mail
  5987 | D:6      | Found an opulent altar of Gozag.
  5998 | D:6      | Identified the cursed +1 ring mail "Teweom" {MP+9 Dex+3 Stlth+} (You found it on level 6 of the Dungeon)
  6009 | D:6      | Noticed soark's ghost (novice DsGl)
  6235 | D:6      | Killed soark's ghost
  6235 | D:6      | Reached XP level 8. HP: 28/45 MP: 9/20
  6272 | D:7      | Found a glowing golden altar of the Shining One.
  6273 | D:7      | Found a shimmering altar of Xom.
  6279 | D:7      | Found a snail-covered altar of Cheibriados.
  6296 | D:7      | Reached ** piety under Sif Muna
  6435 | D:7      | Found a radiant altar of Vehumet.
  6545 | D:7      | Found an ornate altar of the Wu Jian Council.
  6634 | D:7      | Reached XP level 9. HP: 16/49 MP: 0/23
  6834 | D:7      | Noticed Pikel
  6858 | D:7      | Killed Pikel
  6858 | D:7      | Reached *** piety under Sif Muna
  6858 | D:7      | Reached skill level 10 in Conjurations
  7348 | D:8      | Noticed a two-headed ogre
  7367 | D:8      | Found a flagged portal.
  7381 | D:8      | Killed a two-headed ogre
  7381 | D:8      | Reached skill level 10 in Spellcasting
  7382 | D:8      | Reached **** piety under Sif Muna
  7412 | Bailey   | Entered a bailey
  7641 | Bailey   | Reached XP level 10. HP: 54/54 MP: 24/26
  8372 | Bailey   | Noticed an orc knight
  8394 | Bailey   | Got a crude whip {slash}
  8395 | Bailey   | Identified the +5 whip of Spite {slash, *Drain rF+ Str+6 Int-5} (You took it off an orc warrior in a bailey)
  8618 | Bailey   | Found a roughly hewn altar of Beogh.
  8631 | Bailey   | Killed an orc knight
  8820 | D:8      | Learned a level 3 spell: Confuse
  9628 | D:8      | Noticed a two-headed ogre
  9708 | D:8      | Killed a two-headed ogre
 10133 | D:9      | Noticed a two-headed ogre
 10196 | D:8      | Killed a two-headed ogre
 10356 | D:9      | Reached XP level 11. HP: 34/58 MP: 23/29
 10743 | D:9      | Found a runed gate.
 10744 | D:9      | Found a runed gate.
 10744 | D:9      | Noticed a brown ugly thing
 10745 | D:9      | Found a runed gate.
 10746 | D:9      | Noticed a brown ugly thing
 10746 | D:9      | Noticed a cyan ugly thing
 10775 | D:9      | Killed a brown ugly thing
 10775 | D:9      | Reached ***** piety under Sif Muna
 10775 | D:9      | Identified Onuexuj's Grimoire of Conjuration (Sif Muna gifted it to you on level 9 of the Dungeon)
 10775 | D:9      | Received a gift from Sif Muna
 10788 | D:9      | Reached skill level 1 in Fire Magic
 10973 | D:9      | Learned a level 6 spell: Bolt of Fire
 10976 | D:9      | Noticed Erolcha
 10983 | D:9      | Killed Erolcha
 11074 | D:9      | Noticed Gastronok
 11084 | D:9      | Killed Gastronok
 11220 | D:9      | Killed a brown ugly thing
 11224 | D:9      | Found a staircase to the Lair.
 11347 | D:9      | Found a basalt altar of Yredelemnul.
 11352 | D:9      | Found a shattered altar of Ashenzari.
 11355 | D:9      | Found a burning altar of Makhleb.
 11358 | D:9      | Found a stormy altar of Qazlal.
 11478 | D:9      | Found a runed gate.
 11478 | D:9      | Found a runed gate.
 11481 | D:9      | Found a runed gate.
 11481 | D:9      | Noticed TheNamelessOne's ghost (novice DgCj)
 11502 | D:9      | Gained mutation: You are weak. (Str -2) [a neqoxec]
 11525 | D:9      | Killed TheNamelessOne's ghost
 11617 | D:9      | Got a scorched cloak
 11632 | D:9      | Identified the +2 cloak "Xufyatre" {Str+2 Slay+3 SInv} (You found it on level 9 of the Dungeon)
 11701 | D:9      | Found a staircase to the Orcish Mines.
 11711 | D:9      | Learned a level 5 spell: Fireball
 11722 | D:9      | Found a roughly hewn altar of Beogh.
 11778 | D:10     | Entered Level 10 of the Dungeon
 12593 | D:10     | Found a blossoming altar of Fedhas.
 12762 | D:10     | Got a wizard robe
 12773 | D:10     | Identified the +0 robe "Oloceu" {Str+4} (You found it on level 10 of the Dungeon)
 12832 | D:10     | Reached skill level 10 in Fire Magic
 13176 | D:11     | Noticed a green ugly thing
 13179 | D:11     | Killed a green ugly thing
 13179 | D:11     | Reached XP level 12. HP: 64/64 MP: 11/30
 13272 | D:11     | Noticed a two-headed ogre
 13275 | D:11     | Killed a two-headed ogre
 13367 | D:11     | Noticed a death knight
 13428 | D:11     | Killed a death knight
 13651 | D:11     | Received a gift from Sif Muna
 13720 | D:11     | Learned a level 7 spell: Orb of Destruction
 15203 | D:12     | Found a burning altar of Makhleb.
 16088 | D:12     | Identified 3 scrolls of acquirement {!r}
 16231 | D:13     | Found a stormy altar of Qazlal.
 16333 | D:13     | Noticed a two-headed ogre
 16336 | D:13     | Killed a two-headed ogre
 16456 | D:13     | Reached XP level 13. HP: 68/68 MP: 0/32
 17016 | D:13     | Identified Ciceq's Compendium of the Mutagenic Birds (Sif Muna gifted it to you on level 13 of the Dungeon)
 17016 | D:13     | Received a gift from Sif Muna
 17658 | D:13     | Reached skill level 5 in Fighting
 17658 | D:13     | Reached skill level 5 in Dodging
 17738 | D:13     | Found a gate to the Vaults.
 17859 | D:14     | Noticed Rupert
 18044 | D:14     | Noticed Frances
 18067 | D:14     | Killed Frances
 18833 | D:14     | Noticed Kirke
 18884 | D:14     | Killed Kirke
 19007 | D:14     | Found Efraki's Distillery.
 19291 | D:14     | Reached XP level 14. HP: 83/83 MP: 16/34
 19625 | D:14     | Got a translucent short sword {antimagic}
 19974 | D:14     | Killed Rupert
 20964 | D:15     | Entered Level 15 of the Dungeon
 21623 | D:15     | Noticed a frost giant
 21626 | D:15     | Killed a frost giant
 21724 | D:15     | Found a staircase to the Depths.
 22021 | D:15     | Identified Sif Muna's Reference Book on Conjuration (Sif Muna gifted it to you on level 15 of the Dungeon)
 22021 | D:15     | Received a gift from Sif Muna
 22220 | D:15     | Noticed Pomocri's ghost (adept DsAs)
 22221 | D:15     | Found a runed gate.
 22222 | D:15     | Found a runed gate.
 22222 | D:15     | Found a runed gate.
 22224 | D:15     | Noticed a frost giant
 22357 | D:15     | Found an iron altar of Okawaru.
 22379 | D:15     | Killed a frost giant
 22382 | D:15     | Reached skill level 15 in Conjurations
 22386 | D:15     | Killed Pomocri's ghost
 22436 | D:14     | Reached skill level 15 in Fire Magic
 22910 | Depths:1 | Identified a paperback manual
 22910 | Depths:1 | Entered Level 1 of the Depths
 22948 | Depths:1 | Found Bisek's Armour Boutique.
 22951 | Depths:1 | Found Mozxoica's Food Shop.
 22953 | Depths:1 | Found Nuf Gosh's Antique Armour Boutique.
 22961 | Depths:1 | Bought a pair of runed gloves for 150 gold pieces
 23066 | Depths:1 | Reached XP level 15. HP: 90/90 MP: 8/35
 23825 | Depths:1 | Reached skill level 15 in Spellcasting
 23893 | Depths:1 | Found a one-way gate leading to the halls of Pandemonium.
 24147 | Depths:1 | Learned a level 9 spell: Fire Storm
 24209 | Depths:1 | Noticed a shadow dragon
 24214 | Depths:1 | Killed a shadow dragon
 24286 | Depths:1 | Noticed a juggernaut
 24294 | Depths:1 | Slain by a juggernaut

Vault maps used:
D:1:      kennysheep_arrival_forest, minmay_nonomino_d4
D:2:      first_ration
D:5:      lemuel_doored_altar, nemelex_xobeh_ov_fountains_minmay,
          lemuel_round_altar, minmay_temple_entry_butterflies, serial_shops,
          shop, hangedman_glass_teeth, serial_bayou_lagoon_a
D:6:      grunt_gozag_statues, ebering_ghost_rock_garden
D:7:      kennysheep_mini_moat, nicolae_overflow_hidden_temple,
          vehumet_crystals, grunt_livestock, glass_columns_b, uniq_pikel
D:8:      enter_bailey_2, minmay_small_thing
D:9:      grunt_temple_overflow_cloverleaf, grunt_lair_entry_orc_guard_hut,
          minmay_orc_entry_temple_small, ploomutoo_gammafunk_potion_laboratory,
          serial_bayou_pond_e, minivault_10, uniq_erolcha, uniq_gastronok
D:10:     minmay_statues_item, fedhas_bush_and_centaur_altar
D:11:     serial_bayou_lagoon_b
D:12:     minmay_the_grid_triangle_9x9_rhombus_full, serial_park_tiny_1,
          palyth_stone_intersect
D:13:     grunt_vaults_entry_fortified, serial_glass, glass_columns_b,
          glass_columns_b, grunt_qazlal_clouds
D:14:     minmay_two_paths, minmay_misc_feat_x, serial_shops,
          nicolae_shop_window_shopping, minivault_8, uniq_rupert, uniq_frances,
          uniq_kirke
D:15:     grunt_enter_depths_snipers, gammafunk_ghost_fury_of_okawaru,
          serial_park_tiny_2
Depths:1: rand_demon_pan_entry_3, hangedman_geh_valley,
          kennysheep_pointless_box, minmay_evil_grid, minmay_shop_star
Bailey:   bailey_polearm_2, bailey

Skill      XL: |  1  2  3  4  5  6  7  8  9 10 11 12 13 14 15 |
---------------+----------------------------------------------+-----
Conjurations   | 2 3 4 5 6 8 9 11 13 14 15 | 15.6
Fighting       | 2 7 9 |  9.0
Shields        | 1 3 4 |  4.0
Spellcasting   | 5 6 8 10 12 13 14 15 | 15.1
Fire Magic     | 10 14 15 | 15.5
Dodging        | 7 9 |  9.0
Invocations    | 2 |  2.8
Stealth        | |  2.4
Summonings     | |  1.1
Translocations | |  1.1

Action                   |  1- 3 |  4- 6 |  7- 9 | 10-12 | 13-15 || total
-------------------------+-------+-------+-------+-------+-------++-------
Melee: Quarterstaff      |       |    22 |       |       |       ||    22
       Whip              |       |     6 |    47 |   168 |       ||   221
       Staff             |       |       |       |    14 |     4 ||    18
 Cast: Magic Dart        |    56 |   175 |   132 |   284 |       ||   647
       Call Imp          |     6 |       |       |       |       ||     6
       Blink             |     1 |       |     3 |     9 |     3 ||    16
       Mephitic Cloud    |       |     4 |    23 |    38 |       ||    65
       Conjure Flame     |       |     2 |    15 |    19 |       ||    36
       Bolt of Fire      |       |       |       |   138 |   225 ||   363
       Fireball          |       |       |       |     6 |     7 ||    13
       Orb of Destructio |       |       |       |     3 |    37 ||    40
Invok: Divine Energy     |       |     1 |       |       |       ||     1
Evoke: Wand              |       |       |       |     1 |     2 ||     3
       Lamp of fire      |       |       |       |       |     1 ||     1
  Use: Scroll            |       |     5 |    11 |     9 |     2 ||    27
       Potion            |       |       |     1 |    10 |     2 ||    13
 Stab: Confused          |       |     3 |       |    11 |       ||    14
  Eat: Chunk             |       |    13 |     9 |    46 |    42 ||   110
       Ration            |       |       |       |     4 |     6 ||    10
Armor: Robe              |     4 |    16 |     6 |    33 |    14 ||    73
       Skin              |       |       |       |     1 |       ||     1
Dodge: Dodged            |    20 |    58 |    38 |   111 |    49 ||   276
Block: Buckler           |       |       |    28 |   105 |    43 ||   176
       Reflection        |       |       |     6 |    12 |    17 ||    35

Table legend:
 A = Spawn XP
 B = Non-spawn XP
 C = Spawn XP percentage of total XP
 D = Spawn monster count
 E = Non-spawn monster count
 F = Spawn count percentage of total count
 G = Total turns spent on level
                    A         B        C        D         E        F      G
               +---------+---------+-------+---------+---------+-------+---------
         Total |       0 |  118882 |   0.0 |       0 |     481 |   0.0 | 24294
               +---------+---------+-------+---------+---------+-------+---------
           D:1 |       0 |      37 |   0.0 |       0 |      20 |   0.0 |   834
           D:2 |       0 |      92 |   0.0 |       0 |      23 |   0.0 |   831
           D:3 |       0 |      15 |   0.0 |       0 |       6 |   0.0 |   907
           D:4 |       0 |     208 |   0.0 |       0 |      17 |   0.0 |  1253
           D:5 |       0 |     373 |   0.0 |       0 |      14 |   0.0 |  1450
           D:6 |       0 |     999 |   0.0 |       0 |      16 |   0.0 |   997
           D:7 |       0 |    2167 |   0.0 |       0 |      18 |   0.0 |  1008
           D:8 |       0 |    4521 |   0.0 |       0 |      37 |   0.0 |  1759
           D:9 |       0 |    8217 |   0.0 |       0 |      47 |   0.0 |  1786
          D:10 |       0 |    2955 |   0.0 |       0 |      31 |   0.0 |   915
          D:11 |       0 |    7304 |   0.0 |       0 |      26 |   0.0 |  1156
          D:12 |       0 |    6703 |   0.0 |       0 |      32 |   0.0 |  1929
          D:13 |       0 |   14554 |   0.0 |       0 |      41 |   0.0 |  1799
          D:14 |       0 |   29112 |   0.0 |       0 |      69 |   0.0 |  3219
          D:15 |       0 |   21231 |   0.0 |       0 |      33 |   0.0 |  1778
      Depths:1 |       0 |   18161 |   0.0 |       0 |      25 |   0.0 |  1272
        Bailey |       0 |    2233 |   0.0 |       0 |      26 |   0.0 |  1401
               +---------+---------+-------+---------+---------+-------+---------
